 Dungeon Crawl Stone Soup version 0.28-a0-631-g0446da8ef9 (webtiles) character file.

Game seed: 17996722097067469730

128485 vnklnlv the Unseen (level 16, -4/84 HPs)
             Began as a Spriggan Enchanter on Oct 10, 2021.
             Was the Champion of Dithmenos.
             Killed from afar by a deep elf zephyrmancer (28 damage)
             ... with a bolt of lightning
             ... on level 2 of the Elven Halls.
             The game lasted 01:43:55 (36573 turns).

vnklnlv the Unseen (Spriggan Enchanter)            Turns: 36573, Time: 01:43:55

Health: -4/84      AC: 12    Str:  9    XL:     16   Next: 48%
Magic:  36/36      EV: 34    Int: 17    God:    Dithmenos [******]
Gold:   2201       SH:  0    Dex: 23    Spells: 37/45 levels left

rFire   . . .      SeeInvis +   d - +9 dagger (elec)
rCold   . . .      Faith    .   (shield restricted)
rNeg    . . .      Spirit   .   N - +4 troll leather armour
rPois   .          Reflect  .   (helmet restricted)
rElec   .          Harm     .   h - +2 cloak {Stlth+}
rCorr   .          Rampage  .   (gloves unavailable)
Will    ++...                   (boots unavailable) Stlth ******++++
                                (no amulet)
HPRegen 1.24/turn               L - +6 ring of dexterity
MPRegen 0.25/turn               x - +4 ring of evasion

@: about to teleport, wreathed by umbra, studying Conjurations, very quick
A: very small, no large weapons, unfitting armour, see invisible, speed 3, beak
a: Renounce Religion, Shadow Step, Shadow Form


You were on level 2 of the Elven Halls.
You worshipped Dithmenos.
Dithmenos was exalted by your worship.
You visited 7 branches of the dungeon, and saw 28 of its levels.
You also visited: Sewer, Ossuary, Bailey and Gauntlet.

You collected 4381 gold pieces.
You spent 2180 gold pieces at shops.

Inventory:

Hand Weapons
 d - a +9 dagger of electrocution (weapon)
 D - a +5 rapier of draining
 G - a +5 quick blade of flaming
 U - a +2 rapier of speed
Missiles
 n - 9 throwing nets (quivered)
Armour
 h - a +2 cloak of stealth (worn)
 N - a +4 troll leather armour (worn)
 V - a +1 buckler of protection
Jewellery
 k - a ring of wizardry
 x - a +4 ring of evasion (right hand)
 A - the ring of Intercession {rF+ Int+4}
   (You found it on level 15 of the Dungeon)

   [ring of protection from fire]

   Int:       It affects your intelligence (+4).
   rF:        It protects you from fire.
 H - a ring of protection from fire
 L - a +6 ring of dexterity (left hand)
 M - the ring "Beyf" {Str+6 Int+5 Stlth-}
   (You found it in a Gauntlet)

   [ring of strength]

   Str:       It affects your strength (+6).
   Int:       It affects your intelligence (+5).
   Stlth:     It makes you less stealthy.
 O - a ring of protection from cold
 R - a ring of fire
Wands
 s - a wand of iceblast (13)
 y - a wand of flame (41)
 B - a wand of digging (1)
 J - a wand of polymorph (7)
 P - a wand of charming (7)
 Q - a wand of mindburst (12)
Scrolls
 l - 3 scrolls of blinking
 m - 5 scrolls of enchant armour
 o - 4 scrolls of teleportation
 p - 10 scrolls of magic mapping
 t - 9 scrolls of fear
 z - 5 scrolls of holy word
 C - 10 scrolls of fog
 E - 26 scrolls of identify
 F - 3 scrolls of immolation
 I - 5 scrolls of amnesia
 W - a scroll of enchant weapon
Potions
 a - 2 potions of ambrosia
 c - a potion of might
 e - 5 potions of haste
 f - 7 potions of attraction
 g - 3 potions of brilliance
 i - 10 potions of curing
 j - 4 potions of lignification
 q - 3 potions of resistance
 r - 4 potions of flight
 v - 3 potions of cancellation
 w - 4 potions of mutation
 K - 3 potions of magic
Miscellaneous
 T - a tin of tremorstones (inert)


   Skills:
 + Level 9.1 Fighting
 + Level 11.7 Short Blades
 - Level 8.0 Armour
 + Level 14.1 Dodging
 + Level 19.4 Stealth
 + Level 2.2 Shields
 + Level 15.3 Spellcasting
 + Level 15.7 Hexes


You had 37 spell levels left.
You knew the following spells:

 Your Spells              Type           Power      Damage    Failure   Level
a - Ensorcelled Hibernat  Hex/Ice        78%        N/A       1%          2
b - Tukima's Dance        Hex            61%        N/A       1%          3
c - Dazzling Flash        Conj/Hex       78%        N/A       1%          3

Your spell library contained the following spells:

 Spells                   Type           Power      Damage    Failure   Level
 Slow                     Hex            61%        N/A       0%          2
 Confusing Touch          Hex            61%        N/A       1%          3
 Inner Flame              Hex/Fire       39%        N/A       1%          3
 Portal Projectile        Hex/Tloc       78%        N/A       1%          3
 Cause Fear               Hex            30%        N/A       1%          4
 Invisibility             Hex            30%        N/A       1%          6
 Fulminant Prism          Conj/Hex       19%        3d11      2%          4
 Animate Skeleton         Necr           26%        N/A       6%          1
 Freeze                   Ice            52%        1d7       6%          1
 Pain                     Necr           52%        1d6       6%          1
 Shock                    Conj/Air       52%        1d6       6%          1
 Sting                    Tmut/Pois      52%        1d5       6%          1
 Silence                  Hex/Air        19%        N/A       7%          5
 Yara's Violent Unravell  Hex/Tmut       19%        3d9       7%          5
 Corpse Rot               Necr/Air       N/A        N/A       10%         2
 Poisonous Vapours        Pois/Air       26%        N/A       10%         2
 Static Discharge         Conj/Air       13%        N/A       10%         2
 Frozen Ramparts          Ice            26%        1d4       19%         3
 Gell's Gravitas          Tloc           6%         N/A       19%         3
 Lesser Beckoning         Tloc           13%        N/A       19%         3
 Swiftness                Air            13%        N/A       19%         3
 Teleport Other           Tloc           13%        N/A       19%         3
 Vampiric Draining        Necr           6%         2d6       19%         3
 Airstrike                Air            6%         N/A       54%         4
 Hailstorm                Conj/Ice       13%        3d5       54%         4
 Passage of Golubria      Tloc           N/A        N/A       54%         4
 Discord                  Hex            30%        N/A       56%         8
 Blade Hands              Tmut           6%         N/A       87%         5
 Excruciating Wounds      Necr           6%         N/A       87%         5
 Irradiate                Conj/Tmut      6%         3d15      87%         5
 Lightning Bolt           Conj/Air       6%         1d18      87%         5
 Dragon Form              Tmut           6%         N/A       100%        7
 Storm Form               Tmut/Air       6%         N/A       100%        7
 Lehudib's Crystal Spear  Conj/Erth      6%         10d3      100%        8
 Maxwell's Capacitive Co  Air            6%         ∞         100%        8
 Chain Lightning          Conj/Air       6%         3d8       100%        9


Dungeon Overview and Level Annotations

Branches:
Dungeon (15/15)            Temple (1/1) D:5            Lair (6/6) D:8
 Shoals (1/4) Lair:3       Spider (1/4) Lair:2        Slime (0/5) Lair:5
    Orc (2/2) D:12            Elf (2/3) Orc:2        Vaults (0/5) D:14
 Depths (0/4) D:15          Sewer (visited)         Ossuary (visited)
 Bailey (visited)         Gauntlet (visited)

Altars:
Ashenzari
Cheibriados
Dithmenos
Elyvilon
Fedhas
Gozag
Hepliaklqana
Kikubaaqudgha
Makhleb
Nemelex Xobeh
Okawaru
Qazlal
Ru
Sif Muna
Trog
Uskayaw
Vehumet
Wu Jian
Xom
Yredelemnul
Zin
The Shining One
Beogh

Shops:
D:5 [([:=   D:7 *   D:8 *   D:9 ?   D:10 *??*   Orc:2 =**[(*

Annotations:
D:13 1 runed translucent door, Riddle's ghost, journeyman GnDe
Lair:6 2 transporters, Heedrag's ghost, journeyman DsFE


Innate Abilities, Weirdness & Mutations

You are very small and have problems with some larger weapons.
You are too small for most types of armour.
You have supernaturally acute eyesight. (SInv)
You cover ground extremely quickly. (Speed+++)
You have a beak for a mouth.


Message History

Casting: Dazzling Flash (safe; 1% risk of failure)
Confirm with . or Enter, or press ? or * to list all spells.
You can't see any susceptible monsters within range! (Use Z to cast anyway.) Unknown command.
Unknown command.
Unknown command.
Aiming: Charm
Press: ? - help, Shift-Dir - straight line, f/p - +0 dire flail of protection
Aim: a +0 dire flail of protection (black smoke, umbra, infinite will)
Okay, then.
Unknown command.
Unknown command.
There is an open door here.
You open the door.
A deep elf zephyrmancer comes into view.
It is wielding a +0 rapier.
The +0 dire flail of protection hits you!!
You emit a cloud of dark smoke.
Found a stone staircase leading up.
There is an open door here.
The deep elf zephyrmancer shouts!
The deep elf zephyrmancer gestures at you while chanting.
The bolt of lightning misses you. The bolt of lightning hits you!
* * * LOW HITPOINT WARNING * * *
The deep elf zephyrmancer mumbles some strange words.
The deep elf zephyrmancer blinks!
You hit the deep elf zephyrmancer.
The deep elf zephyrmancer is lightly wounded.
Your shadow hits the deep elf zephyrmancer with a dagger.
The +0 dire flail of protection misses you.
The +0 dire flail of protection completely misses you.
As you read the scroll of teleportation, it crumbles to dust.
You feel strangely unstable.
The +0 dire flail of protection completely misses you.
The deep elf zephyrmancer mumbles some strange words.
The deep elf zephyrmancer blinks!
The deep elf zephyrmancer gestures at you while chanting.
The bolt of lightning hits the +0 dire flail of protection.
The +0 dire flail of protection completely resists.
The bolt of lightning hits you!!
You die...

,,,,,,,,,,,,,*,,,,,*
,,,,,,,,,,,,,,,,,,**
**,,,**,,,**,,,,,,*
***,****,****,,,***
*** *** ***** ###
#.# **** ##.##
***,,* ##.@.#
**,,,,*******#..(.##
,,,,,,+,,,,,,+...§.#
**,,,,*******#§...<#
*+*,,,* #e#####
,**+*** #§# ***,*
#§# * *,* #§#
********* #.#


You could see a deep elf zephyrmancer and a +0 dire flail of protection.

Vanquished Creatures
  Saint Roka (Orc:2)
  Frances (D:13)
  Louise (Shoals:1)
  A deep elf sorcerer (Elf:1)
  A dire elephant (Lair:6)
  A minotaur (Gauntlet)
  Snorg (D:13)
  A deep elf high priest (Elf:1)
  A great orb of eyes (D:15)
  A vault guard (D:14)
  Harold (D:8)
  A boulder beetle (shapeshifter) (D:15)
  3 catoblepae
  10 hydras
  A rakshasa (D:15)
  7 boulder beetles
  5 centaur warriors
  4 dancing weapons
  2 merfolk avatars
  2 thrashing horrors (Gauntlet)
  3 tengu warriors
  3 two-headed ogres
  6 death yaks
  4 spriggan berserkers (Elf:1)
  Urug (Lair:3)
  9 deep elf knights (Elf:1)
  3 skeletal warriors (D:13)
  A fire crab (Lair:6)
  5 sea snakes
  3 deep elf archers
  10 deep elf zephyrmancers
  8 orc knights
  18 deep elf pyromancers
  8 cyclopes
  2 orc sorcerers (Orc:2)
  12 ugly things
  3 manticores
  8 elephants
  A water nymph (Shoals:1)
  An unseen horror (D:12)
  A black mamba (Lair:5)
  12 cane toads
  Maggie (Lair:2)
  Psyche (D:10)
  An efreet (D:14)
  4 yaktaurs (D:15)
  A kobold demonologist (D:13)
  11 rime drakes
  3 tengu conjurers
  12 komodo dragons
  6 polar bears
  A merfolk (Shoals:1)
  6 trolls
  5 hornets
  3 wind drakes
  A meliai (D:14)
  12 slime creatures (D:15)
  11 blink frogs
  6 dream sheep (Lair:5)
  A snapping turtle (Lair:3)
  2 air elementals (Elf:1)
  2 redbacks (Spider:1)
  A shadow (D:11)
  16 wyverns
  4 water elementals
  2 small abominations (Gauntlet)
  34 yaks
  9 basilisks
  A hog (shapeshifter) (D:14)
  Menkaure (D:7)
  5 wargs
  4 vampire mosquitoes (D:14)
  4 acid dragons
  14 water moccasins
  A black bear (Lair:2)
  37 orc warriors
  A hornet zombie (D:8)
  4 ice beasts
  5 ogres
  14 wolves
  9 centaurs
  2 kobold brigands
  2 phantoms
  19 bullfrogs
  3 scorpions (D:5)
  A wyvern skeleton (D:7)
  13 killer bees
  3 wights (D:8)
  A vampire bat (Lair:6)
  9 electric eels
  2 howler monkeys (D:9)
  8 jellies
  A bullfrog zombie (D:5)
  2 hounds
  A human zombie (Ossuary)
  4 centaur zombies
  Crazy Yiuf (D:2)
  21 orc priests
  2 bullfrog skeletons
  3 iguanas
  30 orc wizards
  11 hell rats
  2 killer bee zombies
  4 mummies
  A howler monkey zombie (D:5)
  Robin (D:2)
  A river rat (D:6)
  11 adders
  3 shadow imps
  2 white imps
  An ufetubus (D:3)
  2 worms
  2 dart slugs
  93 orcs
  10 ball pythons
  8 bats
  10 endoplasms
  3 giant cockroaches
  21 goblins
  15 hobgoblins
  2 quokkas
  9 frilled lizards
  A goblin zombie (Ossuary)
  4 hobgoblin zombies (Ossuary)
  16 kobolds
  A kobold zombie (Ossuary)
  7 rats
793 creatures vanquished.

Vanquished Creatures (collateral kills)
  A deep elf knight (Elf:1)
  A skeletal warrior (D:13)
  An orc knight (Bailey)
  A yak (D:5)
  8 orc warriors
  A kobold brigand (D:6)
  A wight (D:8)
  A bullfrog zombie (D:5)
  2 orc priests
  24 orcs
41 creatures vanquished.

Vanquished Creatures (others)
  A deep elf knight (Elf:1)
  A deep elf pyromancer (Elf:1)
  A water elemental (D:13)
  29 dancing weapons
  2 orcs (D:7)
  33 fungi
  140 plants
207 creatures vanquished.

Grand Total: 1041 creatures vanquished

Notes
Turn   | Place    | Note
-------+----------+-------------------------------------------
     0 | D:1      | vnklnlv the Spriggan Enchanter began the quest for the Orb.
     0 | D:1      | Reached XP level 1. HP: 9/9 MP: 5/5
   668 | D:2      | Reached XP level 2. HP: 13/13 MP: 7/7
   671 | D:2      | Learned a level 2 spell: Ensorcelled Hibernation
  1206 | D:2      | Found a faded altar of an unknown god.
  1444 | D:2      | Noticed Robin
  1528 | D:2      | Killed Robin
  1529 | D:2      | Reached XP level 3. HP: 16/16 MP: 6/9
  2341 | D:2      | Found a runed translucent door.
  2342 | D:2      | Noticed Crazy Yiuf
  2348 | D:2      | Killed Crazy Yiuf
  2349 | D:2      | Reached skill level 5 in Hexes
  2349 | D:2      | Reached XP level 4. HP: 21/21 MP: 8/11
  2450 | D:1      | Learned a level 3 spell: Tukima's Dance
  2454 | D:1      | Learned a level 3 spell: Dazzling Flash
  3305 | D:3      | Noticed a water moccasin
  3313 | D:3      | Killed a water moccasin
  3314 | D:3      | Reached skill level 5 in Spellcasting
  3314 | D:3      | Reached XP level 5. HP: 24/24 MP: 3/13
  3769 | D:3      | Reached XP level 6. HP: 28/28 MP: 15/15
  4576 | D:4      | Found a sand-covered staircase.
  4582 | Ossuary  | Entered an ossuary
  5416 | D:4      | Reached XP level 7. HP: 32/32 MP: 18/18
  5713 | D:5      | Entered Level 5 of the Dungeon
  5790 | D:5      | Got Secoefum's Compendium of Flight
  5801 | D:5      | Reached skill level 5 in Stealth
  5848 | D:5      | Reached skill level 6 in Stealth
  5962 | D:5      | Found a staircase to the Ecumenical Temple.
  5972 | Temple   | Entered the Ecumenical Temple
  6147 | D:5      | Found Waikk's Antique Weapon Shop.
  6382 | D:5      | Reached skill level 7 in Stealth
  6384 | D:5      | Noticed a yak
  6384 | D:5      | Noticed a yak
  6402 | D:5      | Killed a yak
  6403 | D:5      | Reached XP level 8. HP: 24/36 MP: 20/20
  6406 | D:5      | Reached skill level 8 in Stealth
  6531 | D:5      | Found Zoaxemo's Jewellery Boutique.
  6558 | D:5      | Found Leopau's Book Boutique.
  6600 | D:5      | Reached skill level 9 in Stealth
  6769 | D:5      | Found Zyruqu's Armour Shop.
  6984 | D:5      | Found Qodilefy's Antique Armour Shoppe.
  7393 | D:5      | Reached skill level 10 in Stealth
  7663 | D:5      | Identified a scroll of acquirement
  7663 | D:5      | Acquired 817 gold pieces
  8048 | D:6      | Reached XP level 9. HP: 39/39 MP: 22/22
  8065 | D:6      | Reached skill level 11 in Stealth
  8344 | D:6      | Found a glowing drain.
  8349 | Sewer    | Entered a sewer
  9298 | D:6      | Reached skill level 1 in Fighting
  9892 | D:7      | Noticed Menkaure
  9895 | D:7      | Killed Menkaure
  9916 | D:7      | You fall into a shaft and drop 2 floors!
  9961 | D:9      | Reached skill level 12 in Stealth
  9997 | D:9      | Found Siacilao's Magic Scroll Boutique.
 10009 | D:9      | Bought a scroll of enchant weapon for 90 gold pieces
 10009 | D:9      | Bought a scroll of identify for 24 gold pieces
 10012 | D:9      | Bought a scroll of identify for 24 gold pieces
 10012 | D:9      | Bought a scroll of magic mapping for 42 gold pieces
 10012 | D:9      | Bought a scroll of identify for 24 gold pieces
 10012 | D:9      | Bought a scroll of teleportation for 36 gold pieces
 10012 | D:9      | Bought a scroll of fog for 24 gold pieces
 10013 | D:9      | Gained mutation: You have a beak for a mouth. [potion of
                  | mutation]
 10171 | D:8      | Found a flagged portal.
 10200 | Bailey   | Entered a bailey
 10260 | Bailey   | HP: 1/42 [orc (6)]
 10623 | Bailey   | Reached skill level 10 in Hexes
 10872 | Bailey   | Acquired 970 gold pieces
 10919 | Bailey   | Noticed an orc knight
 10970 | Bailey   | Reached XP level 10. HP: 47/47 MP: 18/24
 11038 | Bailey   | Noticed an orc knight
 11097 | Bailey   | Killed an orc knight
 11098 | Bailey   | Reached skill level 5 in Dodging
 11186 | Bailey   | Killed an orc knight
 11187 | Bailey   | Reached skill level 10 in Spellcasting
 11363 | Bailey   | Acquired a +5 rapier of draining
 11416 | Bailey   | Noticed an orc knight
 11417 | Bailey   | Noticed an orc knight
 11480 | Bailey   | Killed an orc knight
 11637 | Bailey   | Killed an orc knight
 11638 | Bailey   | Reached skill level 13 in Stealth
 12031 | D:8      | Found a staircase to the Lair.
 12160 | D:8      | Noticed Harold
 12164 | D:8      | Killed Harold
 12165 | D:8      | Reached skill level 5 in Short Blades
 12501 | D:8      | Found Jaokat's Assorted Antiques.
 12509 | D:8      | Bought a potion of ambrosia for 160 gold pieces
 12509 | D:8      | Bought a scroll of teleportation for 60 gold pieces
 12509 | D:8      | Bought a potion of brilliance for 80 gold pieces
 12509 | D:8      | Bought a glowing rapier for 140 gold pieces
 12556 | D:8      | Found a burning altar of Makhleb.
 12578 | D:8      | Found a blossoming altar of Fedhas.
 12579 | D:8      | Found an ancient bone altar of Kikubaaqudgha.
 12579 | D:8      | Found a shadowy altar of Dithmenos.
 12579 | D:8      | Found a glowing silver altar of Zin.
 12582 | D:8      | Found an opulent altar of Gozag.
 12587 | D:8      | Became a worshipper of Dithmenos the Shadowed
 13010 | D:7      | Reached XP level 11. HP: 50/53 MP: 18/26
 13885 | D:7      | Found Lanaesal's Mayhem Merchandise.
 14667 | D:10     | Entered Level 10 of the Dungeon
 14667 | D:10     | Noticed Psyche
 14680 | D:10     | Killed Psyche
 14787 | D:10     | Found Midd's General Store.
 14789 | D:10     | Found Xyinolai's Magic Scroll Shoppe.
 14792 | D:10     | Found Zuufoug's Magic Scroll Emporium.
 14856 | D:10     | Bought a scroll of blinking for 82 gold pieces
 14856 | D:10     | Bought a scroll of fog for 22 gold pieces
 14856 | D:10     | Bought 2 scrolls of holy word for 165 gold pieces
 14856 | D:10     | Bought a scroll of magic mapping for 38 gold pieces
 14856 | D:10     | Bought a scroll of magic mapping for 38 gold pieces
 14858 | D:10     | Bought a scroll of teleportation for 42 gold pieces
 14858 | D:10     | Bought a scroll of holy word for 105 gold pieces
 14858 | D:10     | Bought a scroll of fog for 28 gold pieces
 14858 | D:10     | Bought a scroll of fog for 28 gold pieces
 14858 | D:10     | Bought a scroll of fog for 28 gold pieces
 14858 | D:10     | Bought a scroll of teleportation for 42 gold pieces
 14997 | D:10     | Found Ehi Gyeh's Demolitions Depot.
 15071 | D:10     | Reached * piety under Dithmenos
 15401 | D:10     | Noticed a boulder beetle
 15408 | D:10     | Killed a boulder beetle
 15409 | D:10     | Reached skill level 14 in Stealth
 15539 | D:11     | Noticed an eight-headed hydra
 15547 | D:11     | Killed an eight-headed hydra
 15829 | D:11     | Noticed a two-headed ogre
 15838 | D:11     | Killed a two-headed ogre
 15883 | D:11     | Noticed an orc knight
 15942 | D:11     | Killed an orc knight
 15946 | D:11     | Reached skill level 5 in Fighting
 16541 | D:12     | Found a staircase to the Orcish Mines.
 16588 | D:12     | Reached ** piety under Dithmenos
 16593 | D:12     | Noticed a boulder beetle
 16600 | D:12     | Killed a boulder beetle
 16812 | D:12     | Noticed a deep elf pyromancer
 16833 | D:12     | Killed a deep elf pyromancer
 16834 | D:12     | Reached XP level 12. HP: 38/60 MP: 19/28
 17020 | D:12     | Noticed a two-headed ogre
 17027 | D:12     | Killed a two-headed ogre
 17700 | D:13     | Noticed a centaur warrior
 17925 | D:13     | Killed a centaur warrior
 17926 | D:13     | Reached skill level 15 in Stealth
 18091 | D:13     | Noticed a boulder beetle
 18094 | D:13     | Noticed Snorg
 18095 | D:13     | Killed a boulder beetle
 18177 | D:13     | Noticed a centaur warrior
 18177 | D:13     | Noticed a boulder beetle
 18180 | D:13     | Killed a boulder beetle
 18184 | D:13     | Killed a centaur warrior
 18244 | D:13     | Noticed a tengu warrior
 18261 | D:13     | Killed a tengu warrior
 18302 | D:13     | Noticed Frances
 18313 | D:13     | Killed Frances
 18537 | D:13     | Found a runed translucent door.
 18537 | D:13     | Noticed Riddle's ghost (journeyman GnDe)
 18624 | D:13     | Killed Snorg
 18641 | D:13     | Reached skill level 10 in Dodging
 19525 | D:13     | Noticed a centaur warrior
 19832 | D:13     | Killed a centaur warrior
 19833 | D:13     | Reached skill level 16 in Stealth
 20581 | D:13     | Noticed a two-headed ogre
 20586 | D:13     | Killed a two-headed ogre
 20587 | D:13     | Reached XP level 13. HP: 65/65 MP: 30/30
 21757 | D:14     | Reached *** piety under Dithmenos
 21980 | D:14     | Found a gate to the Vaults.
 22316 | D:13     | Reached skill level 1 in Armour
 22569 | Lair:1   | Entered Level 1 of the Lair of Beasts
 23439 | Lair:2   | Reached skill level 5 in Armour
 23644 | Lair:2   | Reached **** piety under Dithmenos
 23898 | Lair:2   | Reached XP level 14. HP: 70/70 MP: 32/32
 23952 | Lair:2   | Noticed Maggie
 23966 | Lair:2   | Killed Maggie
 24182 | Lair:2   | Found a hole to the Spider Nest.
 24472 | Lair:3   | Found a staircase to the Shoals.
 25357 | Lair:4   | Noticed Urug
 25396 | Lair:3   | Killed Urug
 25643 | Lair:4   | Reached ***** piety under Dithmenos
 26527 | Lair:5   | Reached skill level 17 in Stealth
 26591 | Lair:5   | Acquired the Volume of Execration
 26660 | Lair:5   | Found a staircase to the Slime Pits.
 27295 | Lair:6   | Entered Level 6 of the Lair of Beasts
 27548 | Lair:6   | Reached skill level 10 in Short Blades
 27663 | Lair:6   | Reached ****** piety under Dithmenos
 27841 | Lair:6   | Reached XP level 15. HP: 59/76 MP: 31/33
 28231 | Lair:6   | Found a transporter.
 28243 | Lair:6   | Found a bloodstained altar of Trog.
 28252 | Lair:6   | Found a transporter.
 28253 | Lair:6   | Noticed Heedrag's ghost (journeyman DsFE)
 28826 | Orc:1    | Entered Level 1 of the Orcish Mines
 29490 | Orc:2    | Entered Level 2 of the Orcish Mines
 29509 | Orc:2    | Found a staircase to the Elven Halls.
 29627 | Orc:2    | Found Waic Joa's General Store.
 29638 | Orc:2    | Bought a scroll of magic mapping for 42 gold pieces
 29638 | Orc:2    | Bought a scroll of teleportation for 36 gold pieces
 29638 | Orc:2    | Bought a scroll of enchant weapon for 90 gold pieces
 29836 | Orc:2    | Found Peoppau's Jewellery Emporium.
 29850 | Orc:2    | Reached skill level 18 in Stealth
 29945 | Orc:2    | Found Secarudakk's General Store.
 29949 | Orc:2    | Found Appewoek's Specific Store.
 30623 | Orc:2    | Noticed Saint Roka
 30630 | Orc:2    | Found Caety's Antique Armour Shop.
 30779 | Orc:2    | Found Xaryorph's Antique Weapon Boutique.
 30852 | Orc:2    | Killed Saint Roka
 30930 | Orc:2    | Bought a quick blade for 450 gold pieces
 31053 | D:9      | Bought a scroll of brand weapon for 240 gold pieces
 31423 | D:15     | Entered Level 15 of the Dungeon
 31425 | D:15     | Identified the ring of Intercession {rF+ Int+4}
 31491 | D:15     | Found a gate leading to a gauntlet.
 31501 | Gauntlet | Entered a Gauntlet
 31501 | Gauntlet | Found a transporter.
 31513 | Gauntlet | Found a transporter.
 31513 | Gauntlet | Found a transporter.
 31514 | Gauntlet | Found a transporter.
 31522 | Gauntlet | Found a transporter.
 31525 | Gauntlet | Found a transporter.
 31526 | Gauntlet | Found a transporter.
 31538 | Gauntlet | Found a transporter.
 31539 | Gauntlet | Found a transporter.
 31539 | Gauntlet | Found a transporter.
 31547 | Gauntlet | Found a transporter.
 31550 | Gauntlet | Found a transporter.
 31551 | Gauntlet | Found a transporter.
 31560 | Gauntlet | Found a transporter.
 31783 | Gauntlet | Identified the ring "Beyf" {Str+6 Int+5 Stlth-}
 32004 | Gauntlet | Got the Catalogue of Contamination and Beguiling
 32483 | D:15     | Reached skill level 15 in Hexes
 32984 | D:15     | Found a staircase to the Depths.
 33155 | Elf:1    | Entered Level 1 of the Elven Halls
 33522 | Elf:1    | HP: 2/78 [deep elf knight (2)]
 33528 | Elf:1    | Paralysed by an air elemental for 1 turns
 34083 | Shoals:1 | Entered Level 1 of the Shoals
 34115 | Shoals:1 | Reached XP level 16. HP: 42/82 MP: 30/35
 34217 | Shoals:1 | Identified the +9 quarterstaff "Eroti" {flame, rElec}
 34334 | Shoals:1 | Noticed Louise
 34354 | Shoals:1 | Killed Louise
 34355 | Shoals:1 | Reached skill level 19 in Stealth
 34558 | Spider:1 | Entered Level 1 of the Spider Nest
 34605 | Lair:2   | Identified the +1 robe of Bakibotau {rC+ MP+9}
 34901 | Elf:1    | Paralysed by an air elemental for 1 turns
 35005 | Elf:1    | Reached skill level 15 in Spellcasting
 35154 | Elf:1    | Reached skill level 1 in Shields
 35287 | Elf:1    | Found a bloodstained altar of Trog.
 35379 | Elf:1    | Paralysed by an air elemental for 1 turns
 36573 | Elf:2    | Killed from afar by a deep elf zephyrmancer

Illustrated notes

Levels and vault maps discovered:
D:1:      dpeg_arrival_castle, layout_loops_ring, item_on_display_a
D:2:      layout_basic, shapermc_ecumenical_altar_totnotflames,
          kennysheep_generic_room_6, uniq_robin, uniq_crazy_yiuf_cottage
D:3:      layout_loops_ring, serial_glass, glass_columns_b, glass_columns_b,
          kennysheep_generic_room_12
D:4:      layout_cave_pools, gup_ossuary_entry_pyramid
D:5:      minmay_opposing_rooms, layout_basic, minmay_temple_entry_waves,
          serial_shops, shop_statue, shop_fountains, nicolae_shop_behind_doors,
          nicolae_lakefront_shop, kennysheep_little_box, minmay_manual_mail
D:6:      cheibrodos_thug_alley, layout_basic, gup_sewer_entry_bowl
D:7:      layout_loops_corners, minmay_shop_mayhem, minmay_statues_item,
          serial_bayou_pond_d, serial_bayou_lake_a, uniq_menkaure
D:8:      layout_loops_corners, minitemple, dpeg_oklobed_lair, enter_bailey_5,
          serial_shops, nicolae_shop_crystal, minmay_misc_feat_tiny, uniq_harold
D:9:      layout_basic, serial_shops, nicolae_stop_n_shop_2
D:10:     statuecave_lemuel, layout_gridville, minmay_misc_feat_tower,
          nicolae_wooded_promenade, nicolae_blasting_shop, uniq_psyche
D:11:     layout_irregular_city
D:12:     layout_layer_cave, david_orc_3
D:13:     layout_basic, hellmonk_ghost_big_iron, statue_in_the_mist_lemuel,
          serial_bayou_lagoon_b, uniq_snorg, uniq_frances
D:14:     layout_long_grid, david_vaults_5
D:15:     gammafunk_enter_depths_forms, layout_basic, gauntlet_entry_generic,
          interstate_on_off
Temple:   eino_temple_scatter_basement
Lair:1:   layout_misc_corridors
Lair:2:   layout_gridlike, dummy_spider_entry, beast_lair_carwin_11, uniq_maggie
Lair:3:   layout_cave_pods, minmay_shoals_entry_hut
Lair:4:   layout_long_grid, beast_lair_carwin_4, uniq_urug
Lair:5:   layout_roguey [special_room_mythical_zoo],
          nicolae_slime_entry_slimehenge, chequers_serial_rivers_small_a
Lair:6:   gammafunk_lair_ancient_temple, layout_loops_ring,
          gammafunk_ghost_wrathful_warriors, roderic_batcave,
          minmay_lair_drake_nest, infiniplex_staircase_pool_2
Shoals:1: cheibrodos_shoals_epimethial_gifts, layout_shoals,
          nicolae_shoals_arrival_archipelago, uniq_louise
Spider:1: layout_chambers
Orc:1:    layout_caves
Orc:2:    grunt_orc_community_town_hall, layout_caves,
          grunt_orc_community_big_house_2, grunt_orc_community_big_house_2,
          grunt_orc_community_house_3, grunt_orc_community_house_1,
          grunt_orc_community_house_2, grunt_orc_community_house_1,
          nicolae_specific_store, mines2_david
Elf:1:    eino_elf_arrival_customs, layout_loops_cross,
          kennysheep_underground_church, evilmike_spriggan_trog_shrine
Elf:2:    elven_hall_of_blades_hangedman_original [nicolae_blade_tridents],
          layout_geoelf_grid, serial_sigils_hangedman_carve, laboratory

Skill      XL: |  1  2  3  4  5  6  7  8  9 10 11 12 13 14 15 16 |
---------------+-------------------------------------------------+-----
Spellcasting   | 3 4 5 6 7 8 9 10 11 12 13 14 15 | 15.3
Hexes          | 4 5 6 7 8 9 10 12 13 14 15 | 15.7
Stealth        | 7 10 12 13 14 16 17 18 19 | 19.4
Dodging        | 4 6 8 10 11 12 13 14 | 14.1
Fighting       | 2 3 5 6 7 8 9 |  9.1
Short Blades   | 3 5 7 8 9 10 11 | 11.7
Armour         | 6 8 |  8.0
Shields        | 2 |  2.2

Action                   |  1- 3 |  4- 6 |  7- 9 | 10-12 | 13-15 | 16-18 || total
-------------------------+-------+-------+-------+-------+-------+-------++-------
Melee: Dagger            |    85 |   152 |   284 |   343 |  1182 |   182 ||  2228
       Peck              |       |       |     6 |    37 |   222 |    37 ||   302
 Cast: Ensorcelled Hiber |     7 |    11 |    67 |    84 |   135 |    18 ||   322
       Tukima's Dance    |       |       |    38 |    92 |    35 |    35 ||   200
       Dazzling Flash    |       |       |     3 |     4 |    15 |    11 ||    33
Invok: Shadow Step       |       |       |       |       |       |     2 ||     2
Evoke: Wand              |       |       |     5 |     3 |    56 |    20 ||    84
       Tin of tremorston |       |       |       |       |     1 |     2 ||     3
  Use: Scroll            |     5 |     5 |    23 |     7 |    23 |     4 ||    67
       Potion            |       |     1 |    10 |     2 |     9 |     7 ||    29
 Stab: Sleeping          |    14 |    21 |    60 |    60 |   155 |    21 ||   331
       Invisible         |       |       |     3 |     4 |     5 |     4 ||    16
       Paralysed         |       |       |     1 |     1 |       |       ||     2
       Distracted        |       |       |       |     6 |     7 |     1 ||    14
       Petrified         |       |       |       |       |     1 |       ||     1
Armor: Robe              |     7 |    17 |    41 |    39 |       |       ||   104
       Troll leather arm |       |       |       |       |   105 |    16 ||   121
Dodge: Dodged            |    40 |    90 |   350 |   298 |  1096 |   130 ||  2004

Table legend: (Time is in decaauts)
 A = Elapsed time spent in this place.
 B = Non-inter-level travel time spent in this place.
 C = Inter-level travel time spent in this place.
 D = Time resting spent in this place.
 E = Time spent auto-exploring this place.
 F = Levels seen in this place.
 G = Mean time per level.
                   A        B        C        D        E       F      G
               +--------+--------+--------+--------+--------+-----+--------+
         Total |  27726 |  26333 |   1393 |   6839 |  13222 |  32 |  866.4 |
       Dungeon |  16434 |  15604 |    830 |   4026 |   8712 |  15 | 1095.6 |
        Temple |     98 |     87 |     11 |      0 |     77 |   1 |   98.0 |
          Lair |   4369 |   3978 |    391 |    174 |   2551 |   6 |  728.2 |
        Shoals |    253 |    253 |      0 |     14 |     75 |   1 |  253.0 |
   Spider Nest |     14 |     14 |      0 |      0 |      0 |   1 |   14.0 |
  Orcish Mines |   1680 |   1549 |    131 |    210 |    787 |   2 |  840.0 |
   Elven Halls |   1844 |   1817 |     27 |    589 |    641 |   2 |  922.0 |
         Sewer |    322 |    322 |      0 |      0 |    189 |   1 |  322.0 |
       Ossuary |    750 |    750 |      0 |    571 |     10 |   1 |  750.0 |
        Bailey |   1570 |   1570 |      0 |   1080 |    106 |   1 | 1570.0 |
      Gauntlet |    386 |    386 |      0 |    173 |     70 |   1 |  386.0 |
               +--------+--------+--------+--------+--------+-----+--------+

Top non-repeatable levels by time:
    D:13: 3273 daAuts
   Elf:1: 1762 daAuts
     D:2: 1595 daAuts
     D:5: 1579 daAuts
  Bailey: 1570 daAuts
   Orc:2: 1183 daAuts
     D:6: 1131 daAuts
     D:7: 1077 daAuts
  Lair:6: 958 daAuts
    D:12: 946 daAuts
     D:8: 915 daAuts
  Lair:2: 891 daAuts
     D:1: 856 daAuts
  Lair:3: 834 daAuts
    D:15: 818 daAuts
